 Dungeon Crawl Stone Soup version 0.32-a0-40-g2adb59ae06 (webtiles) character file.

Game seed: 3085771373359130951

154 lunkers the Cudgeller (level 5, -4/48 (50) HPs)
             Began as an Oni Gladiator on Jan 24, 2024.
             Killed by nerve-wracking pain
             ... invoked by an orc priest
              (14 damage)
             ... on level 3 of the Dungeon.
             The game lasted 00:02:02 (2267 turns).

lunkers the Cudgeller (Oni Gladiator)               Turns: 2267, Time: 00:02:02

HP:   -4/48 (50)    AC:  3    Str: 20    XL:     5   Next: 35%
MP:   5/5           EV: 10    Int:  9    God:
Gold: 103           SH:  0    Dex: 10    Spells: 4/4 levels left

rFire   . . .        a - +0 flail
rCold   . . .        (no shield)
rNeg    . . .        b - +0 robe
rPois   .            c - +0 hat
rElec   .            (no cloak)
rCorr   .            (gloves unavailable)
SInv    .            (boots unavailable)
Will    .....        (no amulet)
Stlth   +            (no ring)
HPRegen 0.28/turn    (no ring)
MPRegen 0.09/turn

%: no passive effects
@: lightly drained
A: large, unfitting armour, horns 1, tough skin 1, double potion healing,
drunken brawling
a: no special abilities


You were on level 3 of the Dungeon.
You visited 1 branch of the dungeon, and saw 3 of its levels.

You collected 103 gold pieces.

Inventory:

Hand Weapons
 a - a +0 flail (weapon)
Missiles
 d - 3 throwing nets
 e - a large rock
 f - 4 boomerangs
 h - 35 stones
 m - 2 javelins
Armour
 b - a +0 robe (worn)
 c - a +0 hat (worn)
Jewellery
 n - a ring of wizardry
 s - a +6 ring of strength
Scrolls
 i - a scroll of identify {unknown}
 j - a scroll of enchant armour {unknown}
 k - a scroll of amnesia {unknown}
 q - a scroll of teleportation {unknown}
 r - a scroll of revelation {unknown}
 u - a scroll of noise {unknown}
Potions
 g - a potion of cancellation {unknown}
 l - 3 potions of curing {unknown}
 o - a potion of attraction {unknown}
 p - 2 potions of degeneration {unknown}
 t - a potion of haste {unknown}


   Skills:
 - Level 2.6 Fighting
 * Level 5.9 Maces & Flails
 - Level 2.0 Throwing
 - Level 2.6 Dodging


You had 4 spell levels left.
You didn't know any spells.
Your spell library contained the following spells:

 Spells                   Type           Power      Damage    Failure   Level
 Cigotuvi's Dreadful Rot  Necr/Alch/Air  0%         N/A       52%         2
 Ignite Poison            Fire/Alch      0%         N/A       99%         4
 Freezing Cloud           Conj/Ice/Air   0%         6-21      100%        5


Dungeon Overview and Level Annotations

Branches:
Dungeon (3/15)

Altars:


Innate Abilities, Weirdness & Mutations

You are too large for most types of armour.
You have a pair of small horns on your head.
You have tough skin. (AC +1)
You gain doubled healing and magic from potions.
Whenever you drink a healing potion, you attack all around you.


Message History

An orc comes into view.
It is wielding a +2 flail of holy wrath.
The orc misses you.
You closely miss the orc. The orc barely misses you.
The orc priest mumbles some strange prayers to Beogh against you.
Beogh smites you!
You sock the orc!
You kill the orc!
You thump the orc!
You kill the orc!
The orc priest calls down the wrath of Beogh upon you.
Beogh smites you!
* * * LOW HITPOINT WARNING * * *
A dart slug comes into view.
The orc priest hits you with a +0 short sword.
* * * LOW HITPOINT WARNING * * *
Items here: )) [ †.
You hit the orc priest. Your headbutt misses the orc priest.
The orc priest is lightly wounded.
The orc hits you with a +2 flail of holy wrath.
* * * LOW HITPOINT WARNING * * *
The orc priest hits you with a +0 short sword.
* * * LOW HITPOINT WARNING * * *
Unknown command.
You hit the orc.
The orc is severely wounded.
The orc hits you with a +2 flail of holy wrath.
* * * LOW HITPOINT WARNING * * *
The orc priest hits you with a +0 short sword.
* * * LOW HITPOINT WARNING * * *
You sock the orc!
You kill the orc!
The orc priest hits you with a +0 short sword.
* * * LOW HITPOINT WARNING * * *
The orc priest hits you but does no damage.
Unknown command.
You hit the orc priest but do no damage.
The orc priest is lightly wounded.
The orc priest invokes the aid of Beogh against you.
Pain shoots through your body!
You die...

#...). #.# #.#### ...
... # #..# #### #. #..#
#.# ..# #.# ..### #
#.##w...# #. ##.@o##.##
#. ##.####.#.##
#..#.####.#.).##########
#........##............<
#########.#...##########
##.#.## ##.######
#......# ######.#


You could see an orc priest and a dart slug.

Vanquished Creatures
  A scorpion (D:3)
  An orc wizard (D:3)
  2 adders
  3 dart slugs
  A ribbon worm (D:2)
  3 orcs (D:3)
  2 endoplasms (D:1)
  2 giant cockroaches
  2 goblins (D:3)
  2 hobgoblins (D:3)
  4 jackals
  5 ball pythons
  4 bats
  4 frilled lizards
  6 kobolds
  6 rats
48 creatures vanquished.

Notes
Turn   | Place    | Note
-------+----------+-------------------------------------------
     0 | D:1      | lunkers the Oni Gladiator began the quest for the Orb.
     0 | D:1      | Reached XP level 1. HP: 22/22 MP: 1/1
   222 | D:1      | You fall into a shaft and drop 1 floor!
   331 | D:2      | Reached XP level 2. HP: 28/29 MP: 2/2
   583 | D:2      | Reached skill level 4 in Maces & Flails
   583 | D:2      | Reached XP level 3. HP: 5/36 MP: 3/3
   587 | D:2      | HP: 1/36 [poisoned by an adder]
  1792 | D:3      | Noticed a scorpion
  1803 | D:3      | Killed a scorpion
  1804 | D:3      | Reached skill level 5 in Maces & Flails
  1804 | D:3      | Reached XP level 4. HP: 10/44 MP: 4/4
  2014 | D:3      | Reached XP level 5. HP: 50/50 MP: 5/5
  2267 | D:3      | Killed from afar by an orc priest

Illustrated notes

Levels and vault maps discovered:
D:1:      dpeg_arrival_tiny_b, layout_basic, roderic_roman_lattice
D:2:      layout_basic, grunt_ministairs_14
D:3:      layout_loops_ring, st_stairs_4

Skill      XL: |  1  2  3 |
---------------+----------+-----
Maces & Flails | 4 5 |  5.9
Fighting       | |  2.6
Throwing       | |  2.0
Dodging        | |  2.6

Action                     |  1- 3 |  4- 6 || total
---------------------------+-------+-------++-------
  Melee: Flail             |   110 |    44 ||   154
         Headbutt          |    14 |     4 ||    18
         Punch             |     2 |       ||     2
   Stab: Sleeping          |     2 |       ||     2
 Armour: Robe              |    79 |    36 ||   115
  Dodge: Dodged            |    68 |    29 ||    97

Table legend: (Time is in decaauts)
 A = Elapsed time spent in this place.
 B = Non-inter-level travel time spent in this place.
 C = Inter-level travel time spent in this place.
 D = Time resting spent in this place.
 E = Time spent auto-exploring this place.
 F = Levels seen in this place.
 G = Mean time per level.
                   A        B        C        D        E       F      G
               +--------+--------+--------+--------+--------+-----+--------+
         Total |   2294 |   2216 |     78 |      0 |   1855 |   3 |  764.7 |
       Dungeon |   2294 |   2216 |     78 |      0 |   1855 |   3 |  764.7 |
               +--------+--------+--------+--------+--------+-----+--------+

Top non-repeatable levels by time:
     D:2: 1005 daAuts
     D:1: 698 daAuts
     D:3: 591 daAuts
